Map: [ESL] Goldenaura

Players

Classic - Winner!

  • Race: Protoss Protoss
  • Spawn Location: 5:00

SKillous

  • Race: Protoss Protoss
  • League: Grandmaster
  • Spawn Location: 12:00

Event: IEM Katowice 2024

VOD

Have the link to the VOD?

Description

Time

  • Played on: Dec. 8, 2023, 4:59 p.m.
  • Length: 9:37

All games in this series

Show
View Real Time Build Order
Export as new Build Order

Classic Protoss - Winner!

Build Orders: Phoenix Opening 

Get SALT Encoding   

  12  0:00  Probe  
  13  0:12  Probe  
  14  0:18  Pylon  
  14  0:24  Probe  
  15  0:36  Gateway  
  15  0:37  Probe (Chrono Boost)  
  16  0:46  Assimilator  
  16  0:47  Probe (Chrono Boost)  
  17  0:51  Probe (Chrono Boost)  
  17  0:56  Assimilator  
  18  1:03  Probe (Chrono Boost)  
  19  1:09  Gateway  
  19  1:13  Probe (Chrono Boost)  
  19  1:18  Probe (Chrono Boost)  
  21  1:25  Cybernetics Core  
  21  1:29  Probe  
  22  1:38  Pylon  
  22  1:41  Probe  
  23  1:56  Probe  
  24  2:02  Stalker  
  24  2:03  Stalker  
  24  2:05  Warp Gate  
  28  2:09  Pylon  
  28  2:28  Pylon  
  28  2:32  Sentry  
  30  2:42  Sentry  
  32  2:46  Probe  
  33  2:57  Pylon  
  33  2:59  Probe  
  33  3:04  Phoenix  
  33  3:05  Nexus  
  33  3:07  Shield Battery  
  33  3:08  Sentry  
  33  3:11  Probe  
  36  3:14  Pylon  
  36  3:18  Shield Battery  
  36  3:24  Probe  
  37  3:30  Shield Battery  
  37  3:36  Probe  
  37  3:40  Twilight Council  
  38  3:48  Probe  
  39  3:56  Stalker x2  
  39  4:00  Probe (Chrono Boost)  
  44  4:12  Probe (Chrono Boost)  
  44  4:14  Blink (Chrono Boost)  
  45  4:21  Probe x2 (Chrono Boost)  
  47  4:28  Probe (Chrono Boost)  
  47  4:30  Probe (Chrono Boost)  
  49  4:32  Stalker x2  
  49  4:34  Probe (Chrono Boost)  
  55  4:38  Probe (Chrono Boost)  
  55  4:40  Assimilator  
  55  4:41  Pylon  
  56  4:45  Probe (Chrono Boost)  
  56  4:46  Probe (Chrono Boost)  
  57  4:59  Probe x2  
  58  5:01  Robotics Facility  
  58  5:11  Probe x2  
  58  5:12  Adept  
  58  5:13  Adept  
  64  5:16  Pylon  
  64  5:25  Nexus  
  64  5:35  Stalker  
  64  5:36  Stalker  
  64  5:39  Probe x2  
  64  5:41  Pylon  
  70  5:49  Forge  
  70  5:54  Probe x2  
  70  5:56  Observer  
  73  5:59  Stalker x2  
  77  6:06  Probe x2  
  79  6:13  Charge  
  79  6:17  Gateway  
  79  6:18  Probe x2  
  81  6:19  Gateway  
  77  6:31  Stalker  
  77  6:32  Protoss Ground Weapons Level 1 (Chrono Boost), Stalker  
  77  6:36  Probe x3 (Chrono Boost)  
  80  6:43  Observer  
  84  6:48  Probe x3 (Chrono Boost)  
  84  6:50  Gateway  
  84  6:53  Probe x3 (Chrono Boost)  
  84  6:54  Gateway x2  
  84  6:59  Stalker  
  84  7:00  Stalker  
  91  7:04  Gateway  
  91  7:07  Pylon  
  91  7:08  Warp Prism  
  93  7:22  Nexus  
  93  7:33  Sentry x3  
  93  7:34  Stalker  
  93  7:36  Pylon  
  101  7:38  Probe  
  101  7:39  Probe x2  
  101  7:41  Pylon  
  104  7:58  Dark Shrine  
  104  7:59  Stalker x5  
  104  8:03  Zealot  
  104  8:04  Zealot x2  
  120  8:12  Pylon  
  120  8:13  Pylon  
  120  8:25  Zealot  
  120  8:26  Zealot x6  
  120  8:36  Stalker  
  120  8:38  Probe x3  
  121  8:47  Stalker x3  
  121  8:48  Stalker x2  
  129  8:50  Zealot x2  
  132  9:01  Zealot  
  120  9:03  Probe x4  
  108  9:11  Zealot x5  
  108  9:13  Dark Templar x2  
  108  9:15  Probe  
Show
View Real Time Build Order
Export as new Build Order

SKillous Protoss 

Build Orders: Blink Stalkers 

Get SALT Encoding   

  12  0:00  Probe  
  13  0:12  Probe  
  14  0:17  Pylon  
  14  0:24  Probe  
  15  0:35  Gateway  
  15  0:37  Probe (Chrono Boost)  
  16  0:46  Assimilator, Probe (Chrono Boost)  
  17  0:51  Probe  
  17  0:54  Assimilator  
  18  1:03  Probe (Chrono Boost)  
  19  1:07  Gateway  
  19  1:12  Probe (Chrono Boost)  
  19  1:18  Probe  
  21  1:25  Cybernetics Core  
  21  1:30  Probe  
  22  1:36  Pylon  
  22  1:42  Probe  
  23  1:54  Probe  
  24  2:02  Adept x2  
  24  2:03  Warp Gate  
  28  2:16  Pylon  
  28  2:25  Pylon  
  28  2:32  Stalker  
  28  2:34  Stalker  
  32  3:00  Shield Battery  
  32  3:01  Probe  
  33  3:13  Probe (Chrono Boost)  
  33  3:16  Nexus  
  33  3:18  Shield Battery  
  34  3:24  Twilight Council  
  34  3:26  Probe (Chrono Boost)  
  35  3:30  Pylon  
  35  3:32  Probe (Chrono Boost)  
  36  3:41  Probe  
  37  3:52  Stalker x2  
  37  3:53  Probe  
  42  3:55  Blink (Chrono Boost)  
  42  4:05  Probe  
  43  4:17  Probe  
  43  4:19  Stalker  
  46  4:28  Stalker  
  46  4:29  Probe x2  
  50  4:41  Probe x2  
  50  4:43  Stalker  
  54  4:53  Probe x2  
  54  4:56  Stalker  
  54  5:00  Pylon  
  54  5:05  Probe  
  54  5:06  Stalker, Probe  
  58  5:09  Pylon  
  58  5:20  Nexus  
  58  5:22  Probe  
  58  5:23  Probe  
  58  5:26  Sentry  
  60  5:35  Probe  
  60  5:37  Robotics Facility, Probe  
  60  5:38  Charge  
  62  5:43  Forge  
  62  5:48  Probe  
  63  5:50  Probe  
  63  5:51  Stalker  
  63  5:53  Stalker  
  68  6:00  Probe  
  65  6:11  Probe  
  65  6:16  Stalker x2, Probe  
  66  6:22  Phoenix  
  66  6:23  Probe  
  66  6:28  Probe (Chrono Boost)  
  67  6:36  Shield Battery, Probe x2 (Chrono Boost)  
  67  6:38  Protoss Ground Weapons Level 1 (Chrono Boost)  
  70  6:40  Probe (Chrono Boost)  
  70  6:45  Observer (Chrono Boost)  
  70  6:46  Probe x2 (Chrono Boost)  
  73  6:48  Probe (Chrono Boost)  
  73  6:51  Probe x2 (Chrono Boost)  
  76  6:55  Probe  
  76  6:59  Observer (Chrono Boost)  
  76  7:00  Gateway  
  78  7:01  Probe  
  78  7:02  Gateway  
  78  7:03  Probe  
  78  7:06  Gateway  
  78  7:07  Probe  
  81  7:14  Gateway, Probe  
  82  7:16  Stalker  
  82  7:18  Stalker  
  82  7:20  Pylon  
  86  7:26  Probe  
  86  7:28  Gateway  
  87  7:35  Observer  
  87  7:36  Warp Prism  
  89  7:38  Pylon  
  89  7:44  Observer, Stalker x2  
  89  7:45  Gateway  
  89  7:47  Probe  
  94  7:52  Pylon  
  94  8:00  Adept x2  
  94  8:01  Stalker  
  94  8:04  Pylon  
  100  8:06  Pylon  
  100  8:13  Stalker x3  
  100  8:19  Pylon  
  106  8:20  Pylon  
  106  8:23  Zealot x3  
  106  8:30  Gateway  
  106  8:31  Stalker  
  100  8:36  Zealot x3  
  103  8:41  Stalker  
  103  8:46  Zealot x3  
  104  8:49  Probe  
  104  8:53  Probe  
  98  8:57  Zealot x4  
  96  9:06  Stalker x3  
  96  9:08  Probe  
  84  9:12  Stalker  
  76  9:17  Zealot  
  76  9:20  Zealot x2  
  63  9:26  Zealot x2  

Tags
 
Add a new tag
Caveats
  • Supply blocks, unpowered buildings, or Contaminate may cause inaccurate times.
  • Supply counts are checked every 10 seconds.